 Dungeon Crawl Stone Soup version 0.24.1 (webtiles) character file.

Game seed: 1001972842802304957, levelgen mode: deterministic

80493 mortelune the Destroyer (level 15, -7/88 HPs)
             Began as a Deep Elf Fire Elementalist on Mar 22, 2020.
             Was a High Priest of Vehumet.
             Hit by a silver javelin thrown by a minotaur (39 damage)
             ... in a Gauntlet.
             The game lasted 01:29:48 (37009 turns).

mortelune the Destroyer (DEFE)                     Turns: 37009, Time: 01:29:48

Health: -7/88      AC:  7    Str: 11    XL:     15   Next: 24%
Magic:  17/31      EV: 21    Int: 28    God:    Vehumet [*****.]
Gold:   1189       SH:  5    Dex: 15    Spells: 2/35 levels left

rFire    . . .     SeeInvis +   D - +3 scimitar
rCold    . . .     Gourm    .   m - +0 buckler
rNeg     . . .     Faith    .   C - +1 robe {Archmagi}
rPois    .         Spirit   .   i - +0 helmet
rElec    .         Reflect  .   r - +0 cloak (curse)
rCorr    .         Harm     .   F - +0 pair of gloves {Str+3}
MR       +....     NoTele   +   w - +0 pair of boots
Stlth    ++........             L - amulet of magic regeneration
HPRegen  0.24/turn              R - ring of see invisible
MPRegen  0.47/turn              O - +4 ring of intelligence

@: studying Ice Magic
A: no striking features
a: Renounce Religion


You were in a Gauntlet.
You worshipped Vehumet.
Vehumet was extremely pleased with you.
You were not hungry.

You visited 4 branches of the dungeon, and saw 22 of its levels.
You also visited: Ossuary, Gauntlet and Ice Cave.

You collected 1640 gold pieces.
You spent 451 gold pieces at shops.

Inventory:

Hand Weapons
 D - a +3 scimitar (weapon)
Missiles
 g - 5 throwing nets (quivered)
Armour
 i - a +0 helmet (worn)
 m - a +0 buckler (worn)
 r - a cursed +0 cloak (worn)
 w - a +0 pair of boots (worn)
 y - a +2 leather armour of fire resistance
 C - a +1 robe of the Archmagi (worn)
 F - a +0 pair of gloves of strength (worn)
Jewellery
 d - an uncursed amulet of the gourmand
 o - an uncursed ring of wizardry
 p - an uncursed ring of positive energy
 s - an uncursed ring of poison resistance
 t - an uncursed amulet of the acrobat
 I - an uncursed ring of fire
 L - an amulet of magic regeneration (around neck)
 N - an uncursed amulet of rage {unknown}
 O - a +4 ring of intelligence (right hand)
 R - a ring of see invisible (left hand)
 S - an uncursed ring of resist corrosion
 W - an uncursed amulet of guardian spirit {unknown}
Wands
 k - a wand of digging (6)
 q - a wand of flame (44)
 J - a wand of acid (9)
 P - a wand of scattershot (5)
 T - a wand of iceblast (44)
 X - a wand of clouds (10)
Scrolls
 e - 7 scrolls of teleportation
 f - 8 scrolls of blinking
 j - 10 scrolls of remove curse
 v - 2 scrolls of fog
 x - a scroll of silence
 G - 2 scrolls of enchant weapon
 H - a scroll of amnesia
 K - 3 scrolls of magic mapping
 Q - 2 scrolls of enchant armour
 Y - a scroll of summoning
Potions
 a - 4 potions of curing
 b - 6 potions of lignification
 h - 5 potions of brilliance
 l - 6 potions of haste
 n - 4 potions of heal wounds
 u - 2 potions of resistance
 z - 4 potions of flight
 A - 4 potions of mutation
 B - 5 potions of might
 E - 2 potions of berserk rage
 M - 2 potions of magic {unknown}
 U - 5 potions of agility
Books
 Z - a manual of Ice Magic
Miscellaneous
 V - a phantom mirror
Comestibles
 c - 14 rations


   Skills:
 + Level 8.2 Fighting
 + Level 2.7 Long Blades
 + Level 12.2 Dodging
 - Level 2.4 Stealth
 - Level 4.0 Shields
 * Level 10.8 Spellcasting
 + Level 14.1 Conjurations
 - Level 14.0 Fire Magic
 * Level 13.2 Ice Magic
 - Level 6.4 Earth Magic


You had 2 spell levels left.
You knew the following spells:

 Your Spells              Type           Power        Failure   Level  Hunger
a - Flame Tongue          Conj/Fire      #####        0%          1    None
b - Bolt of Cold          Conj/Ice       #######...   1%          6    #####..
c - Conjure Flame         Conj/Fire      #######.     1%          3    None
d - Sticky Flame          Conj/Fire      #######.     1%          4    None
e - Fireball              Conj/Fire      #######...   1%          5    ###....
f - Throw Icicle          Conj/Ice       #######.     1%          4    None
g - Lee's Rapid Deconstr  Erth           ######....   1%          5    ###....
q - Blink                 Tloc           N/A          5%          2    None
z - Stone Arrow           Conj/Erth      ######       1%          3    None

Your spell library contained the following spells:

 Spells                   Type           Power        Failure   Level  Hunger
 Conjure Ball Lightning   Conj/Air       ######....   9%          6    #####..
 Freeze                   Ice            ####         0%          1    None
 Magic Dart               Conj           ####         0%          1    None
 Searing Ray              Conj           ######       0%          2    None
 Throw Flame              Conj/Fire      ######       0%          2    None
 Throw Frost              Conj/Ice       ######       0%          2    None
 Apportation              Tloc           ###...       3%          1    None
 Confusing Touch          Hex            ###...       3%          1    None
 Summon Butterflies       Summ           ###.....     3%          1    None
 Summon Small Mammal      Summ           ###.         3%          1    None
 Call Imp                 Summ           ###.....     5%          2    None
 Slow                     Hex            ###.....     5%          2    None
 Dazzling Spray           Conj/Hex       ######       1%          3    None
 Inner Flame              Hex/Fire       ######..     1%          3    None
 Mephitic Cloud           Conj/Pois/Air  ######..     1%          3    None
 Ozocubu's Armour         Chrm/Ice       ######..     1%          3    None
 Force Lance              Conj/Tloc      ######..     1%          4    None
 Fulminant Prism          Conj/Hex       ######....   1%          4    None
 Iskenderun's Mystic Bla  Conj           #######.     1%          4    None
 Summon Ice Beast         Ice/Summ       ######..     2%          4    None
 Metabolic Englaciation   Hex/Ice        ######....   7%          5    ###....
 Petrify                  Tmut/Erth      #####...     10%         4    None
 Call Canine Familiar     Summ           ###.....     11%         3    None
 Confuse                  Hex            ###.....     11%         3    None
 Gell's Gravitas          Tloc           ###.......   11%         3    None
 Lesser Beckoning         Tloc           ###.......   11%         3    None
 Summon Guardian Golem    Hex/Summ       ###.....     11%         3    None
 Tukima's Dance           Hex            ###.....     11%         3    None
 Yara's Violent Unravell  Hex/Tmut       ###.......   26%         5    ###....
 Summon Lightning Spire   Summ/Air       ###.....     36%         4    None
 Alistair's Intoxication  Tmut/Pois      ###.....     71%         5    ###....
 Invisibility             Hex            ###.....     99%         6    #####..


Dungeon Overview and Level Annotations

Branches:
Dungeon (14/15)            Temple (1/1) D:5            Lair (6/6) D:8
  Swamp (0/4) Lair:2       Spider (0/4) Lair:4        Slime (0/5) Lair:5
    Orc (1/2) D:9          Vaults (0/5) D:13        Ossuary (visited)
  IceCv (visited)         Gauntlet (1/1)

Altars:
Ashenzari
Cheibriados
Dithmenos
Elyvilon
Fedhas
Gozag
Hepliaklqana
Kikubaaqudgha
Makhleb
Nemelex Xobeh
Okawaru
Qazlal
Ru
Sif Muna
Trog
Uskayaw
Vehumet
Wu Jian
Xom
Yredelemnul
Zin
The Shining One
Jiyva

Shops:
D:5 ?   D:7 *   D:10 *

Annotations:
D:12 exclusion: orange crystal statue
Lair:3 3 runed translucent doors, Deesahac's ghost, journeyman BaFi
Lair:5 1 runed translucent door, Saaxatog's ghost, journeyman DrFE Gauntlet 6 transporters


Message History

Press: ? - help, Shift-Dir - straight line, f/p - minotaur
Aim: a minotaur, wielding the +10 short sword "Tiqietol" {freeze, rC+ Stlth+} and wearing the +5 chain mail "Vamicw" {rPois MR+ Stlth-} (moderately wounded, fast)
You feel a surge of power!
The fireball explodes!
The fireball engulfs the minotaur!!
The minotaur is heavily wounded.
The minotaur throws a silver javelin.
The silver javelin pierces through you!!
Casting: Fireball (safe; 1% risk of failure)
Confirm with . or Enter, or press ? or * to list all spells.
Aiming: Fireball (safe; 1% risk of failure)
Press: ? - help, Shift-Dir - straight line, f/p - minotaur
Aim: a minotaur, wielding the +10 short sword "Tiqietol" {freeze, rC+ Stlth+} and wearing the +5 chain mail "Vamicw" {rPois MR+ Stlth-} (heavily wounded, fast)
You feel a surge of power!
The fireball explodes!
The fireball engulfs the minotaur!
The minotaur is severely wounded.
The minotaur throws a silver javelin.
The silver javelin pierces through you!!
The minotaur throws a silver javelin.
The silver javelin pierces through you!!!
You die...

#8∩8# #|H[# #8.8# #/.:####
#8.8#.8### #...#....# #
#8.8#..#.# #.#..##@##..#.#
#......(......# #.#.##.#.##.#.#
#.#....#....#.#
###.#.#######.#.###
#≈...............≈# ###
#8.8.8..©.©..8.8.8# ### #8#
#≈...............≈# #8#
###############################


You could see a minotaur.

Vanquished Creatures
  An ironheart preserver (D:13)
  Snorg (Lair:6)
  2 ettins (D:12)
  8 hydras
  Harold (D:7)
  A catoblepas (Lair:6)
  A deep troll shaman (Lair:6)
  6 death yaks
  A two-headed ogre (D:12)
  Urug (D:10)
  3 sixfirhies (Gauntlet)
  2 unseen horrors
  An orange crystal statue (Gauntlet)
  A necromancer (IceCv)
  A lindwurm (Lair:6)
  Pikel (D:3)
  4 oklob plants (Lair:4)
  An orc sorcerer (Orc:1)
  A deep elf mage (D:12)
  2 manticores (D:12)
  A salamander (shapeshifter) (D:13)
  2 cyclopes (D:13)
  14 elephants
  5 ugly things
  An ice statue (IceCv)
  3 black mambas
  A guardian serpent (shapeshifter) (D:13)
  10 spiny frogs
  A torpor snail (Lair:6)
  A gargoyle (D:13)
  A centaur skeleton (D:11)
  2 rime drakes
  10 freezing wraiths (IceCv)
  7 komodo dragons
  A polar bear (shapeshifter) (D:12)
  A jumping spider (Lair:4)
  2 trolls
  A wolf spider simulacrum (IceCv)
  4 polar bears
  6 blink frogs
  6 hippogriffs
  2 hornets
  Grinder (D:4)
  4 slime creatures (D:13)
  A meliai zombie (D:14)
  5 dream sheep (Lair:6)
  38 yaks
  A spriggan (D:7)
  Sigmund (D:5)
  3 wraiths
  Eustachio (D:4)
  5 basilisks
  4 vampire mosquitoes (D:12)
  A death yak simulacrum (IceCv)
  3 hungry ghosts
  Menkaure (D:5)
  A warg (Orc:1)
  2 swamp worms (Lair:2)
  A soldier ant (D:12)
  An acid dragon (D:11)
  Duvessa (D:5)
  13 porcupines
  15 water moccasins
  9 orc warriors
  A slave (D:2)
  2 phantoms
  5 sky beasts
  An eye of draining (D:13)
  An eye of draining (shapeshifter) (D:13)
  3 black bears
  19 wolves
  A necrophage (D:8)
  10 ice beasts
  4 ogres
  3 centaurs
  A centaur (shapeshifter) (Gauntlet)
  A big kobold (D:8)
  10 crocodiles
  Blork the orc (D:5)
  2 gnoll sergeants
  20 bullfrogs
  Dowan (D:5)
  3 scorpions
  5 wights
  2 crimson imps
  2 centaur zombies
  5 draconian simulacra (IceCv)
  4 howler monkeys
  3 lava snakes (D:12)
  8 hounds
  2 jellies
  Crazy Yiuf (D:6)
  2 bullfrog skeletons
  4 orc priests
  11 orc wizards
  5 iguanas
  A hell rat (D:8)
  A polar bear simulacrum (IceCv)
  4 troll simulacra (IceCv)
  8 worker ants
  3 spriggan simulacra (IceCv)
  A wolf simulacrum (IceCv)
  2 big kobold zombies (Ossuary)
  A centaur simulacrum (IceCv)
  A hound zombie (D:8)
  A hound skeleton (D:8)
  A worker ant zombie (D:11)
  5 mummies (Ossuary)
  13 gnolls
  17 adders
  4 naga simulacra (IceCv)
  3 ogre simulacra (IceCv)
  A river rat (D:8)
  A shadow imp (D:5)
  24 white imps
  An ooze (D:3)
  2 adder skeletons (D:7)
  An adder zombie (D:5)
  4 worms
  3 dart slugs
  3 leopard geckos
  43 orcs
  6 bats
  6 giant cockroaches
  6 goblins
  2 hobgoblins
  10 jackals
  6 quokkas
  2 ball pythons
  A bat (shapeshifter) (D:12)
  7 frilled lizards
  7 hobgoblin zombies (Ossuary)
  9 kobolds
  3 rats
  3 bushes (Lair:1)
  3 fungi
  5 plants (Lair:6)
602 creatures vanquished.

Vanquished Creatures (others)
  A wizard (D:9)
  A human (D:3)
  23 fungi
  63 plants
88 creatures vanquished.

Grand Total: 690 creatures vanquished

Notes
Turn   | Place    | Note
-------+----------+-------------------------------------------
     0 | D:1      | mortelune the Deep Elf Fire Elementalist began the quest
                  | for the Orb.
     0 | D:1      | Reached XP level 1. HP: 10/10 MP: 6/6
   163 | D:1      | Reached XP level 2. HP: 4/15 MP: 4/8
   400 | D:1      | Learned a level 2 spell: Throw Flame
  1340 | D:2      | Reached XP level 3. HP: 19/19 MP: 3/9
  1345 | D:2      | Learned a level 3 spell: Conjure Flame
  1490 | D:2      | Found an iron altar of Okawaru.
  1635 | D:2      | Reached XP level 4. HP: 24/24 MP: 3/11
  1641 | D:2      | Learned a level 4 spell: Sticky Flame
  1936 | D:2      | Found a sparkling altar of Nemelex Xobeh.
  2629 | D:3      | Found a hazy altar of Hepliaklqana.
  2853 | D:3      | Found a bloodstained altar of Trog.
  2854 | D:3      | Found a hide-covered altar of Uskayaw.
  2996 | D:3      | Reached XP level 5. HP: 17/28 MP: 3/12
  3270 | D:3      | Found a faded altar of an unknown god.
  3968 | D:3      | Found an ancient bone altar of Kikubaaqudgha.
  3968 | D:3      | Noticed a human
  3972 | D:3      | Killed a human
  4049 | D:4      | Noticed Eustachio
  4056 | D:4      | Killed Eustachio
  4056 | D:4      | Reached skill level 5 in Fire Magic
  4056 | D:4      | Reached XP level 6. HP: 32/32 MP: 0/14
  4172 | D:4      | Noticed Grinder
  4231 | D:4      | Found a blossoming altar of Fedhas.
  4626 | D:4      | Noticed Pikel
  4626 | D:4      | Noticed a slave
  4626 | D:4      | Noticed a slave
  4627 | D:4      | Noticed a slave
  4633 | D:4      | Noticed a slave
  4640 | D:3      | Killed Pikel
  4640 | D:3      | Reached skill level 5 in Spellcasting
  4640 | D:3      | Reached skill level 5 in Conjurations
  4640 | D:3      | Reached XP level 7. HP: 10/36 MP: 2/16
  5121 | D:4      | Found an opulent altar of Gozag.
  5258 | D:4      | Learned a level 5 spell: Fireball
  5264 | D:4      | Killed Grinder
  5264 | D:4      | Reached skill level 5 in Dodging
  5264 | D:4      | Reached XP level 8. HP: 42/42 MP: 1/18
  5579 | D:4      | Found an ornate altar of the Wu Jian Council.
  5631 | D:5      | Entered Level 5 of the Dungeon
  5641 | D:5      | Noticed Duvessa
  5642 | D:5      | Noticed Dowan
  5657 | D:5      | Killed Duvessa
  5657 | D:5      | Reached skill level 1 in Fighting
  5748 | D:5      | Killed Dowan
  5778 | D:5      | Found Mumevvu's Magic Scroll Boutique.
  5794 | D:5      | Bought a scroll of fog for 24 gold pieces
  5794 | D:5      | Bought a scroll of teleportation for 36 gold pieces
  5794 | D:5      | Bought a scroll of teleportation for 36 gold pieces
  5794 | D:5      | Bought a scroll of fog for 24 gold pieces
  5794 | D:5      | Bought a scroll of blinking for 90 gold pieces
  5845 | D:5      | Found a sand-covered staircase.
  5850 | Ossuary  | Entered an ossuary
  6604 | D:5      | Found a staircase to the Ecumenical Temple.
  6622 | D:5      | Found a white marble altar of Elyvilon.
  6662 | D:5      | Noticed Blork the orc
  7235 | D:5      | Noticed Sigmund
  7277 | D:5      | Noticed Menkaure
  7280 | D:5      | Killed Menkaure
  7375 | D:5      | Killed Blork the orc
  7652 | D:5      | Killed Sigmund
  7652 | D:5      | Reached XP level 9. HP: 43/49 MP: 3/19
  7669 | Temple   | Entered the Ecumenical Temple
  7798 | Temple   | Became a worshipper of Vehumet
  7944 | D:5      | Found a shadowy altar of Dithmenos.
  8841 | D:6      | Found a white marble altar of Elyvilon.
  9135 | D:6      | Found a runed translucent door.
  9136 | D:6      | Noticed Crazy Yiuf
  9142 | D:6      | Killed Crazy Yiuf
 10117 | D:7      | Noticed Harold
 11266 | D:7      | Found Fithupy's Assorted Antiques.
 11288 | D:7      | Killed Harold
 11288 | D:7      | Reached * piety under Vehumet
 11288 | D:7      | Offered knowledge of Sandblast by Vehumet.
 11427 | D:7      | Learned a level 1 spell: Sandblast
 11823 | D:8      | Reached XP level 10. HP: 56/56 MP: 15/20
 12395 | D:8      | Found a staircase to the Lair.
 12395 | D:8      | Noticed a death yak
 12396 | D:8      | Noticed a death yak
 12446 | D:8      | Killed a death yak
 12446 | D:8      | Reached skill level 10 in Fire Magic
 12446 | D:8      | Reached skill level 1 in Earth Magic
 13081 | D:8      | Offered knowledge of Sting by Vehumet.
 13213 | D:8      | Reached ** piety under Vehumet
 13304 | D:8      | Noticed a death yak
 13349 | D:7      | Killed a death yak
 14338 | D:9      | Found a bloodstained altar of Trog.
 14341 | D:9      | Noticed a wizard
 14346 | D:9      | Killed a wizard
 14417 | D:9      | Found a staircase to the Orcish Mines.
 14480 | D:9      | Reached skill level 10 in Conjurations
 14923 | D:10     | Entered Level 10 of the Dungeon
 15155 | D:10     | Found Mouhuipnel's Assorted Antiques.
 15163 | D:10     | Bought a scroll labeled LITHRIMINNU for 23 gold pieces
 15163 | D:10     | Bought a scroll of identify for 46 gold pieces
 15163 | D:10     | Bought a pair of runed gloves for 172 gold pieces
 15398 | D:10     | Noticed an unseen horror
 15399 | D:10     | Killed an unseen horror
 15616 | D:10     | Noticed Urug
 15895 | Lair:1   | Entered Level 1 of the Lair of Beasts
 16077 | Lair:1   | Reached XP level 11. HP: 62/62 MP: 19/23
 16176 | Lair:1   | Noticed a six-headed hydra
 16180 | Lair:1   | Killed a six-headed hydra
 17213 | Lair:1   | Reached skill level 5 in Fighting
 18234 | Lair:1   | Offered knowledge of Stone Arrow by Vehumet.
 18245 | Lair:1   | Learned a level 3 spell: Stone Arrow
 18750 | Lair:2   | Found a frozen archway.
 18752 | Lair:2   | Reached *** piety under Vehumet
 18909 | Lair:2   | Noticed an eight-headed hydra
 19023 | IceCv    | Entered an ice cave
 19031 | IceCv    | Reached skill level 5 in Earth Magic
 19031 | IceCv    | Reached XP level 12. HP: 69/69 MP: 25/27
 19037 | IceCv    | Offered knowledge of Olgreb's Toxic Radiance by Vehumet.
 19555 | IceCv    | Reached XP level 13. HP: 74/74 MP: 9/28
 19777 | IceCv    | Found an ancient bone altar of Kikubaaqudgha.
 19917 | IceCv    | Reached **** piety under Vehumet
 19917 | IceCv    | Reached skill level 10 in Dodging
 19934 | IceCv    | Offered knowledge of Venom Bolt by Vehumet.
 21520 | Lair:2   | Found a staircase to the Swamp.
 22297 | Lair:2   | Learned a level 4 spell: Throw Icicle
 22457 | Lair:3   | Reached skill level 1 in Ice Magic
 22593 | Lair:3   | Reached skill level 1 in Shields
 23064 | Lair:3   | Found a runed translucent gate.
 23064 | Lair:3   | Found a runed translucent gate.
 23066 | Lair:3   | Found a runed translucent gate.
 23067 | Lair:3   | Noticed Deesahac's ghost (journeyman BaFi)
 23749 | Lair:4   | Found a hole to the Spider Nest.
 24533 | Lair:4   | Reached skill level 5 in Ice Magic
 24991 | Lair:4   | Got a crystal dagger
 24992 | Lair:4   | Identified the +1 dagger "Feyck" {pierce, rPois rN++ MP-9
                  | Stlth+} (You found it on level 4 of the Lair of Beasts)
 25476 | Lair:5   | Found a viscous altar of Jiyva.
 25476 | Lair:5   | Found a staircase to the Slime Pits.
 25481 | Lair:5   | Reached ***** piety under Vehumet
 25481 | Lair:5   | Offered knowledge of Lee's Rapid Deconstruction by Vehumet.
 25616 | Lair:4   | Learned a level 5 spell: Lee's Rapid Deconstruction
 26361 | Lair:5   | Found a runed translucent door.
 26514 | Lair:5   | Noticed Saaxatog's ghost (journeyman DrFE)
 26555 | Lair:6   | Entered Level 6 of the Lair of Beasts
 27048 | Lair:6   | Reached XP level 14. HP: 82/82 MP: 14/29
 28346 | Lair:6   | Offered knowledge of Bolt of Cold by Vehumet.
 28496 | Lair:5   | Learned a level 6 spell: Bolt of Cold
 28549 | Lair:6   | Noticed Snorg
 28551 | Lair:6   | Killed Snorg
 29292 | Lair:6   | Reached skill level 10 in Ice Magic
 30394 | D:8      | Found an ancient bone altar of Kikubaaqudgha.
 30523 | D:10     | Killed Urug
 33302 | D:12     | Reached skill level 1 in Long Blades
 33322 | D:12     | Got a crystal whip
 33323 | D:12     | Identified the cursed +0 whip of Eternal Vigilance {freeze,
                  | rElec MP+9 Int-2} (You found it on level 12 of the Dungeon)
 34195 | Orc:1    | Entered Level 1 of the Orcish Mines
 34202 | Orc:1    | Paralysed by an orc sorcerer for 6 turns
 34209 | Orc:1    | Reached skill level 10 in Spellcasting
 34218 | Orc:1    | Noticed an orc warlord
 34239 | D:9      | Learned a level 2 spell: Blink
 34763 | D:13     | Reached XP level 15. HP: 88/88 MP: 25/31
 35030 | D:13     | Found a gate to the Vaults.
 35497 | D:13     | Offered knowledge of Conjure Ball Lightning by Vehumet.
 35659 | D:13     | Identified a scroll of acquirement
 36306 | D:14     | Found a blossoming altar of Fedhas.
 36338 | D:14     | Found a gate leading to a gauntlet.
 36348 | Gauntlet | Entered a Gauntlet
 36348 | Gauntlet | Found a transporter.
 36348 | Gauntlet | Found a transporter.
 36417 | Gauntlet | Found a transporter.
 36417 | Gauntlet | Found a transporter.
 36420 | Gauntlet | Found a transporter.
 36420 | Gauntlet | Found a transporter.
 36432 | Gauntlet | Found a transporter.
 36434 | Gauntlet | Found a transporter.
 36444 | Gauntlet | Found a transporter.
 36546 | Gauntlet | Found a transporter.
 36548 | Gauntlet | Found a transporter.
 36558 | Gauntlet | Found a transporter.
 37005 | Gauntlet | Identified the +10 short sword "Tiqietol" {freeze, rC+
                  | Stlth+}
 37005 | Gauntlet | Identified the +5 chain mail "Vamicw" {rPois MR+ Stlth-}
 37009 | Gauntlet | Hit by a silver javelin thrown by a minotaur

Levels and vault maps discovered:
D:1:      psy_arrival_radial02, layout_basic, minivault_11, hex_large
D:2:      layout_basic, nemelex_xobeh_ov_fountains_minmay,
          nicolae_overflow_crystal_walls
D:3:      layout_loops_ring, lemuel_crystal_altar,
          gammafunk_temple_overflow_statue, chequers_ecumenical_altar_grove,
          tgw_kikubaaqudgha
D:4:      layout_loops_cross, kennysheep_mini, old_standard_altar,
          grunt_gozag_statues, uniq_grinder, uniq_eustachio, uniq_pikel
D:5:      layout_rooms, grunt_dithmenos_shadows, minmay_temple_entry_ruins,
          first_ration, serial_shops, shop, enter_ossuary_2,
          minmay_ruined_shrine, uniq_blork_the_orc, uniq_menkaure, uniq_duvessa,
          uniq_sigmund
D:6:      layout_loops_corners, elyvilon_altar_5, uniq_crazy_yiuf_cottage
D:7:      layout_loops_ring, serial_shops, shop, the_bakery, uniq_harold
D:8:      layout_basic, kennysheep_little_box, dpeg_lair_monsters,
          serial_undead, serial_undead_c, serial_undead_c, serial_undead_b,
          serial_undead_b, st_stairs_13, minmay_misc_feat_alley
D:9:      layout_basic, orc_0_dummy, trog_wizard
D:10:     layout_long_grid, serial_shops, shop, uniq_urug
D:11:     layout_irregular_city, serial_co_window_serial, co_window_paths_a,
          co_window_corner_a, co_window_paths_a, co_window_corner_a,
          co_window_paths_b, co_window_paths_b, co_window_corner_cb,
          co_window_broadway_a, co_window_of_opportunity_c,
          co_window_of_opportunity_b, co_window_broadway_a, co_window_cross_4,
          co_window_2corner, glass_columns_b, glass_columns_a, glass_columns_a,
          glass_columns_b
D:12:     minmay_containers, layout_basic, disabler_island
D:13:     layout_layer_cave, skrybe_vaults_entry_preservation
D:14:     layout_irregular_city, serial_glass, glass_columns_c, glass_columns_a,
          gauntlet_entry_generic, basic_altar, fedhas_altar_3
Temple:   minmay_temple_bridge_abc
Lair:1:   minmay_lair_venomous_thicket, layout_cave_pods, serial_forest,
          infiniplex_forest_lined_2, infiniplex_forest_clump_small,
          infiniplex_forest_side_room, infiniplex_forest_straight_2,
          infiniplex_forest_split, infiniplex_forest_fountain,
          infiniplex_forest_clump_small, infiniplex_forest_clump_long,
          grunt_megastairs_2
Lair:2:   layout_regular_city, minmay_swamp_entry_worms,
          portal_ice_cave_entry_imps, serial_bayou_pond_d
Lair:3:   layout_misc_corridors, gammafunk_ghost_hydra_chop,
          eino_small_chamber_without_monster
Lair:4:   layout_small_grid, spider_nest_entry_rubble, minmay_lair_oklob_chamber
Lair:5:   layout_hall_layers, slime_altar_1, ebering_ghost_reflecting_pool,
          st_stairs_6
Lair:6:   grunt_lair_end_beastmaster, layout_layer_cave, serial_bayou_shore_a,
          grunt_megastairs_4, uniq_snorg
Orc:1:    layout_caves, serial_shops, shop, mumra_transporter_accident
Gauntlet: gammafunk_gauntlet_hard_choice [nicolae_gauntlet_arena_blocks,
          gammafunk_gauntlet_arena_hedges, nicolae_gauntlet_swirl,
          gammafunk_gauntlet_arena_teeth, nicolae_gauntlet_arena_x,
          gammafunk_gauntlet_arena_split_diamond,
          nicolae_gauntlet_exit_dead_adventurers]

Skill      XL: |  1  2  3  4  5  6  7  8  9 10 11 12 13 14 15 |
---------------+----------------------------------------------+-----
Conjurations   | 2 3 5 7 9 10 12 13 14 | 14.1
Dodging        | 3 4 5 6 7 8 9 10 12 | 12.2
Fire Magic     | 4 5 6 8 9 10 12 13 14 | 14.0
Spellcasting   | 4 5 7 9 10 | 10.8
Fighting       | 2 3 4 5 6 7 8 |  8.2
Earth Magic    | 3 5 6 |  6.4
Ice Magic      | 7 12 13 | 13.2
Shields        | 3 4 |  4.0
Long Blades    | 2 |  2.7
Stealth        | |  2.4

Action                   |  1- 3 |  4- 6 |  7- 9 | 10-12 | 13-15 || total
-------------------------+-------+-------+-------+-------+-------++-------
Melee: Whip              |       |       |    24 |       |       ||    24
       Scimitar          |       |       |     7 |    22 |    30 ||    59
 Cast: Flame Tongue      |    25 |    33 |    97 |    91 |    20 ||   266
       Throw Flame       |    15 |    48 |    80 |   105 |    20 ||   268
       Sticky Flame      |       |     6 |    20 |    45 |    43 ||   114
       Conjure Flame     |       |     1 |     6 |     4 |     1 ||    12
       Fireball          |       |       |    33 |    42 |   335 ||   410
       Sandblast         |       |       |       |    14 |       ||    14
       Throw Icicle      |       |       |       |       |    30 ||    30
       Stone Arrow       |       |       |       |       |     6 ||     6
       Lee's Rapid Decon |       |       |       |       |     5 ||     5
       Bolt of Cold      |       |       |       |       |    57 ||    57
Evoke: Wand              |       |       |     5 |       |       ||     5
       Phantom mirror    |       |       |       |     1 |       ||     1
  Use: Scroll            |       |     4 |     4 |     5 |    19 ||    32
       Potion            |       |       |     4 |     1 |     1 ||     6
  Eat: Chunk             |     3 |    11 |    22 |    24 |    78 ||   138
       Ration            |       |       |     5 |     2 |     9 ||    16
Armor: Robe              |     1 |     1 |     8 |    11 |    17 ||    38
Dodge: Dodged            |     7 |    13 |    83 |    71 |   115 ||   289
Block: Buckler           |       |       |       |       |    27 ||    27
       Rpst.: Scimitar   |       |       |     6 |    15 |    29 ||    50
